 Dungeon Crawl Stone Soup version 0.16.0-17-g811c1d7 (webtiles) character file.

119 Chiseanne the Skirmisher (level 4, -5/36 HPs)
             Began as a Demonspawn Wanderer on Mar 20, 2015.
             Slain by Crazy Yiuf
             ... wielding a +4 quarterstaff of chaos
              (11 damage)
             ... on level 2 of the Dungeon.
             The game lasted 00:06:57 (2299 turns).

Chiseanne the Skirmisher (Demonspawn Wanderer)      Turns: 2299, Time: 00:06:58

Health: -5/36      AC: 10    Str: 18    XL:     4   Next: 73%
Magic:  6/6        EV:  9    Int: 10    God:
Gold:   159        SH:  4    Dex: 11    Spells: 2 memorised, 0 levels left

rFire  . . .     SeeInvis .     a - +1 short sword
rCold  . . .     Clarity  .     p - +3 scale mail
rNeg   . . .     SustAb   .     b - +1 buckler
rPois  .         Gourm    .     (helmet restricted)
rElec  .         Spirit   .     (no cloak)
rCorr  .         Warding  .     g - +0 pair of gloves
rMut   .         Stasis   .     (no boots)
MR     .....                    (no amulet)
Stlth  ..........               (no ring)
                                i - ring of wizardry

@: lethally poisoned (-5 -> -12), very slightly contaminated, invisible
(expiring), not resistant to hostile enchantments, extremely unstealthy
A: antennae 1
a: no special abilities


You were on level 2 of the Dungeon.
You were hungry.

You visited 1 branch of the dungeon, and saw 2 of its levels.

You collected 159 gold pieces.

Inventory:

Hand weapons
 a - a +1 short sword (weapon)
Missiles
 l - 44 sling bullets
 m - 8 exploding sling bullets
Armour
 b - a +1 buckler (worn)
 g - a +0 pair of gloves (worn)
 p - a +3 scale mail (worn)
Jewellery
 d - an uncursed ring of ice
 i - a ring of wizardry (left hand)
Scrolls
 c - a scroll of recharging
 e - 3 scrolls of remove curse
 h - 2 scrolls of identify
Potions
 k - a potion of brilliance
Books
 n - a book of Geomancy

   Spells                             Type                      Level
   a - Sandblast                      Earth                        1
   b - Stoneskin                      Transmutation/Earth          2
   c - Passwall                       Transmutation/Earth          3
   d - Stone Arrow                    Conjuration/Earth            3
   e - Petrify                        Transmutation/Earth          4
   f - Lee's Rapid Deconstruction     Earth                        5
Comestibles
 f - 4 bread rations
 j - a beef jerky


   Skills:
 * Level 3.6 Fighting
   Level 1.0 Bows
 * Level 1.0 Armour
 - Level 1.5 Dodging
 * Level 1.4 Shields
 * Level 1.2 Spellcasting
   Level 3.0 Conjurations
 - Level 1.7 Earth Magic
   Level 1.0 Evocations


You couldn't memorise any spells.
You knew the following spells:

 Your Spells              Type           Power        Failure   Level  Hunger
a - Stoneskin             Trmt/Erth      #.......     82%         2    ###....
b - Passwall              Trmt/Erth      #.........   96%         3    ####...


Dungeon Overview and Level Annotations

Branches:
Dungeon (2/15)

Altars:

Annotations:
D:2 Crazy Yiuf


Innate Abilities, Weirdness & Mutations

You have a pair of small antennae on your head.


Message History

You feel sick. Crazy Yiuf barely misses you.
You hit Crazy Yiuf.
Crazy Yiuf is almost dead.
* * * LOW HITPOINT WARNING * * *
You feel sick. Crazy Yiuf closely misses you.
You hit Crazy Yiuf but do no damage.
Crazy Yiuf is almost dead.
* * * LOW HITPOINT WARNING * * *
You feel sick. Crazy Yiuf closely misses you.
You closely miss Crazy Yiuf.
Crazy Yiuf is almost dead.
* * * LOW HITPOINT WARNING * * *
You feel sick. You block Crazy Yiuf's attack.
You hit Crazy Yiuf but do no damage.
Crazy Yiuf is almost dead.
You flicker for a moment.
* * * LOW HITPOINT WARNING * * *
You feel sick.
Crazy Yiuf hits you with a quarterstaff of chaos!
You die...

#.#..>....###########..........
#.#..#.#### #..........
###.#..#.# **### ##########.
.......#.#### *,.)# ###......#'
............# *,..# #.#.####..)
.....#.#.#### *,..* #...#..#...
.....#....# **.#* #...#..#...
.....#....# ##g# #.#.#..#...
###'##....# #@#* #.#.#[.#...
#....#.## ##.# #.#.#..#...
########.# #.## #..<#..#...
.........# ##.## #...#..#...
########## #..P## #...#..#.##
#....# #####..#.# #....#
#.....†#.# ########## #....#
#..#.....# .........# ##...#
##.#.†#####


You could see Crazy Yiuf.

Vanquished Creatures
  3 gnolls
  5 adders (D:2)
  2 worms (D:2)
  A ball python (D:2)
  3 goblins
  5 hobgoblins
  4 kobolds
  5 bats
  A giant cockroach (D:1)
  6 giant newts
  4 rats
39 creatures vanquished.

Notes
Turn   | Place    | Note
--------------------------------------------------------------
     0 | D:1      | Chiseanne, the Demonspawn Wanderer, began the quest for the Orb.
     0 | D:1      | Chiseanne set off with: a book of Geomancy, a +0 buckler, a +0 robe, a +0 club, a bread ration
     0 | D:1      | Reached XP level 1. HP: 16/16 MP: 1/1
   219 | D:1      | Gained mutation: You have a pair of small antennae on your head. [demonic ancestry]
   219 | D:1      | Reached XP level 2. HP: 18/23 MP: 2/2
  1113 | D:2      | Reached skill level 1 in Dodging
  1113 | D:2      | Reached XP level 3. HP: 26/29 MP: 3/3
  1548 | D:2      | Reached XP level 4. HP: 35/35 MP: 4/4
  1657 | D:2      | Reached skill level 1 in Spellcasting
  1662 | D:2      | Learned a level 2 spell: Stoneskin
  1666 | D:2      | Learned a level 3 spell: Passwall
  2029 | D:2      | Reached skill level 1 in Armour
  2282 | D:2      | Noticed Crazy Yiuf
  2299 | D:2      | Slain by Crazy Yiuf

Action                   |  1- 3 |  4- 6 || total
-------------------------+-------+-------++-------
Melee: Club              |    47 |       ||    47
       Short sword       |    44 |    58 ||   102
  Use: Scroll            |     5 |     3 ||     8
       Potion            |       |     1 ||     1
 Stab: Invisible         |       |     1 ||     1
  Eat: Chunk             |     2 |     2 ||     4
